 Dungeon Crawl Stone Soup version 0.18-a0-455-gc7d4c65 (webtiles) character file.

48 M4edhros the Charlatan (level 3, -6/23 HPs)
             Began as an Octopode Artificer on Dec 1, 2015.
             Killed by the enmity of Fedhas Madash (19 damage)
             ... on level 3 of the Dungeon.
             The game lasted 00:02:16 (1279 turns).

M4edhros the Charlatan (Octopode Artificer)         Turns: 1279, Time: 00:02:18

Health: -6/23      AC:  1    Str: 10    XL:     3   Next: 72%
Magic:  6/6        EV: 12    Int: 15    God:    Xom [..*...]
Gold:   30         SH:  0    Dex: 12    Spells: 0 memorised, 2 levels left

rFire  . . .     SeeInvis .     a - +0 short sword
rCold  . . .     Clarity  .     (no shield)
rNeg   . . .     SustAt   .     (helmet restricted)
rPois  .         Gourm    .     (no amulet)
rElec  .         Spirit   .     (no ring)
rCorr  .         Dsmss    .     (no ring)
rMut   .         Stasis   .     (no ring)
MR     .....                    (no ring)
Stlth  ++++......               (no ring)
                                (no ring)
                                (no ring)
                                (no ring)

@: not resistant to hostile enchantments, stealthy
A: almost no armour, amphibious, 8 rings, constrict 8, camouflage 1, gelatinous
body 1
a: Renounce Religion


You were on level 3 of the Dungeon.
You worshipped Xom.
You were a toy of Xom.
You were not hungry.

You visited 1 branch of the dungeon, and saw 3 of its levels.

You collected 30 gold pieces.

Inventory:

Hand Weapons
 a - a +0 short sword (weapon)
Wands
 b - a wand of flame (14)
 c - a wand of enslavement (11)
 d - a wand of random effects (15)
 g - a wand of hasting (4)
Scrolls
 f - a scroll of identify {unknown}
Potions
 h - a potion of ambrosia {unknown}
Comestibles
 e - 3 bread rations
 i - a meat ration
 j - a chunk of flesh


   Skills:
 - Level 1.0 Fighting
 - Level 1.0 Short Blades
 - Level 2.0 Dodging
 + Level 3.6 Stealth
 + Level 4.2 Evocations


You had 2 spell levels left.
You didn't know any spells.

Dungeon Overview and Level Annotations

Branches:
Dungeon (3/15)

Altars:
Elyvilon
Fedhas
Xom


Innate Abilities, Weirdness & Mutations

You cannot wear most types of armour.
You are amphibious.
You can wear up to eight rings at the same time.
You can use your tentacles to constrict eight enemies at once.
Your skin changes colour to match your surroundings (Stealth).
Your rubbery body absorbs attacks (AC +1).


Message History

Anything else - Stay silent.
Wait here!
You feel sick.
Your adder dies!
You feel sick.
You start resting.
You feel sick. x2
You are no longer poisoned.
You start resting.
You feel a little less clever now.
There is a stone staircase leading down here.
You climb downwards.
Found 2 brown potions.
There is a stone staircase leading up here.
You start resting.
Fedhas invokes the elements against you.
There is a sudden and violent explosion of flames!
The fireball engulfs you!
Ouch! That really hurt!
You die...
Xom chortles!

#...# #...#
#...# . #...#
..#####...#+##.
!..............
...............
.......@..#
..........+
..........#
..........#
.....###..P
..... .... ....
..... #...
.#####


There were no monsters in sight!

Vanquished Creatures
  An adder (D:2)
  2 worms (D:2)
  2 giant cockroaches (D:2)
  3 hobgoblins (D:2)
  A jackal (D:2)
  3 kobolds
  3 bats (D:2)
  4 giant geckos
  A giant newt (D:2)
  4 goblins
  3 rats
27 creatures vanquished.

Vanquished Creatures (collateral kills)
  An adder (D:2)
  A goblin (D:2)
  A jackal (D:2)
3 creatures vanquished.

Vanquished Creatures (others)
  An adder (D:2)
  A jackal (D:2)
  21 toadstools (D:2)
23 creatures vanquished.

Grand Total: 53 creatures vanquished

Notes
Turn   | Place    | Note
--------------------------------------------------------------
     0 | D:1      | M4edhros the Octopode Artificer began the quest for the Orb.
     0 | D:1      | Reached XP level 1. HP: 13/13 MP: 3/3
   211 | D:2      | Found a blossoming altar of Fedhas.
   218 | D:2      | Reached XP level 2. HP: 18/18 MP: 4/4
   226 | D:2      | Became a worshipper of Fedhas Madash
   709 | D:2      | Reached XP level 3. HP: 5/23 MP: 5/5
   890 | D:2      | Reached skill level 4 in Evocations
  1045 | D:2      | Found a shimmering altar of Xom.
  1045 | D:2      | Found a white marble altar of Elyvilon.
  1054 | D:2      | Reached * piety under Fedhas
  1058 | D:2      | Fell from the grace of Fedhas
  1058 | D:2      | Became a worshipper of Xom of Chaos
  1141 | D:2      | XOM: potion effect (brilliance)
  1143 | D:2      | XOM: harmless Divn miscast
  1279 | D:3      | Killed by the enmity of Fedhas Madash

Vault maps used:
D:1:      denvon_arrival_planthouse
D:2:      lemuel_coloured_pillars_altar, gammafunk_temple_overflow_pools,
          uniq_crazy_yiuf_cottage, uniq_terence
D:3:      corexii_shack_village, lemuel_round_altar, first_bread

Action                   || total
-------------------------++-------
Melee: Short sword       ||    61
Evoke: Wand              ||     5
 Stab: Sleeping          ||     6
  Eat: Chunk             ||     1
